 Dungeon Crawl Stone Soup version 0.30.1-11-g7821555f0a (webtiles) character file.

Game seed: 3769736071901166409

5 Narclithid the Grave Robber (level 1, -1/13 HPs)
             Began as a Demonspawn Necromancer on Nov 17, 2023.
             Slain by a hobgoblin (2 damage)
             ... on level 1 of the Dungeon.
             The game lasted 00:05:38 (275 turns).

Narclithid the Grave Robber (Demonspawn Necromancer) Turns: 275, Time: 00:05:39

Health: -1/13      AC:  2    Str:  8    XL:     1   Next: 66%
Magic:  3/3        EV: 12    Int: 16    God:
Gold:   0          SH:  0    Dex: 13    Spells: 3/4 levels left

rFire   . . .        c - +0 club
rCold   . . .        (no shield)
rNeg    . . .        a - +0 robe
rPois   .            (no helmet)
rElec   .            (no cloak)
rCorr   .            (no gloves)
SInv    .            (no boots)
Will    .....        (no amulet)
Stlth   ++           (no ring)
HPRegen 0.22/turn    (no ring)
MPRegen 0.08/turn

%: no passive effects
@: no status effects
A: no striking features
a: no special abilities


You were on level 1 of the Dungeon.
You visited 1 branch of the dungeon, and saw 1 of its levels.

Inventory:

Hand Weapons
 c - a +0 club (weapon)
Armour
 a - a +0 robe (worn)
 d - a +0 leather armour
Jewellery
 f - a +4 ring of slaying
Scrolls
 e - 2 scrolls of torment {unknown}
Potions
 b - a potion of magic
 g - a potion of invisibility {unknown}


   Skills:
 + Level 1.7 Dodging
 + Level 1.7 Stealth
 + Level 0.3 Unarmed Combat
 + Level 2.2 Spellcasting
 + Level 4.4 Necromancy


You had 3 spell levels left.
You knew the following spells:

 Your Spells              Type           Power      Damage    Failure   Level
a - Necrotise             Necr           64%        1d7       3%          1

Your spell library contained the following spells:

 Spells                   Type           Power      Damage    Failure   Level
 Vampiric Draining        Necr           16%        2d7       10%         3
 Animate Dead             Necr           16%        N/A       32%         4
 Agony                    Necr           16%        N/A       65%         5


Dungeon Overview and Level Annotations

Branches:
Dungeon (1/15)

Altars:


Message History

There's nothing to close nearby.
f - a +4 ring of slaying You open the door.
Found a stone staircase leading down.
There is an open door here.
Found a brown potion.
A hobgoblin comes into view.
g - a brown potion The hobgoblin shouts!
You open the door.
Found 10 gold pieces and a scroll labelled SOM ITWOSHRESU.
A rat comes into view.
There is an open door here.
An endoplasm comes into view.
You see here 10 gold pieces.
Found 13 gold pieces.
The rat closely misses you.
The endoplasm jiggles.
You barely miss the rat. The rat barely misses you.
You barely miss the rat.
The hobgoblin hits you but does no damage.
The rat barely misses you. The hobgoblin hits you. The rat barely misses you.
You closely miss the rat. The endoplasm freezes you.
You are frozen.
The hobgoblin misses you. The rat barely misses you.
You barely miss the rat. The hobgoblin closely misses you.
The rat completely misses you. The endoplasm hits you.
You barely miss the rat. The hobgoblin closely misses you. The rat misses you.
The endoplasm closely misses you.
You closely miss the rat. The hobgoblin closely misses you.
The rat barely misses you. The endoplasm freezes you.
You are frozen.
The endoplasm freezes you.
You are frozen.
* * * LOW HITPOINT WARNING * * *
The hobgoblin misses you. The rat barely misses you.
You barely miss the rat. The endoplasm barely misses you.
The hobgoblin hits you.
You die...

.##..#.....#
........###.....
.#####..# ...#
.. ##.###g.... .
#....# .#.
#.###..... ##'##
..#.#
##..g#......
#.$.@r..#
#....J.......
#..........#.#
+........?+...
#...........#.
##.......#...
##.....###..#
##...## $..


You could see an endoplasm, a hobgoblin and a rat.

Vanquished Creatures
  A bat (D:1)
  2 giant cockroaches (D:1)
  A goblin (D:1)
4 creatures vanquished.

Notes
Turn   | Place    | Note
-------+----------+-------------------------------------------
     0 | D:1      | Narclithid the Demonspawn Necromancer began the quest for
                  | the Orb.
     0 | D:1      | Reached XP level 1. HP: 13/13 MP: 3/3
   275 | D:1      | Slain by a hobgoblin

Illustrated notes

Levels and vault maps discovered:
D:1:      elethiomel_arrival_shortcut, layout_loops_corners,
          dreamdust_ecumenical_altar_drowned_temple, hex_medium

Action                     || total
---------------------------++-------
  Melee: Unarmed           ||    61
         Club              ||    20
         Punch             ||     1
   Stab: Sleeping          ||     1
 Armour: Robe              ||    25
  Dodge: Dodged            ||    64
